[Event "2nd Bassano Easter 2022"]
[Site "Bassano del Grappa"]
[Date "2022.04.18"]
[Round "9.7"]
[White "Fischer, Daniel"]
[Black "Hilverda, Alexander"]
[Result "1-0"]
[ECO "B48"]
[WhiteElo "2356"]
[BlackElo "2282"]
[Annotator "TA"]
[PlyCount "83"]
[EventDate "2022.04.14"]
[EventType "swiss"]
[EventCountry "ITA"]
[SourceTitle "playchess.com"]
[Source "ChessBase"]
[SourceQuality "1"]
[TimeControl "30/3600+30:1800+30"]

1. e4 c5 2. Nf3 e6 3. d4 cxd4 4. Nxd4 Nc6 5. Nc3 Qc7 6. Be3 a6 7. g4 {[%emt 0:00:21] seems to push 7.Qd2 aside. B48: Sicilian: Taimanov: 5 Nc3 Qc7 6 Be3 a6 without Be2.} d6 ({Better is} 7... b5 $11) 8. g5 (8. h4 $14) 8... Bd7 (8... h6 $11 {remains equal.}) 9. h4 {[%emt 0:02:22] [#] White is better.} b5 $146 ({Predecessor:} 9... Nxd4 10. Qxd4 Ne7 11. O-O-O Nc6 12. Qd2 b5 13. h5 Rc8 14. Kb1 Na5 15. a3 Rb8 {1-0 (42) Bjerre,J (2529)-Begnis,N (2279) Germany 2019}) 10. a3 h5 11. f4 Nxd4 12. Qxd4 Ne7 13. O-O-O Nc6 14. Qd2 {[%emt 0:00:45][%cal Og5g6] &Bianco is more active.} b4 ({Black should try} 14... Rb8) 15. axb4 $16 Nxb4 16. g6 Be7 $2 (16... f6 $16 {is a better defense.}) 17. Qd4 $18 {[%emt 0:05:33][%csl LRb4,LRg7] [#] Strongly threatening gxf7+.} Qa5 18. Qxg7 Rf8 19. Kb1 Rc8 {[%emt 0:00:37] Inhibits Bc4.} 20. Bh3 (20. Bd4 $142) 20... f6 (20... f5 $142) 21. Bd4 e5 22. Bxd7+ Kxd7 23. fxe5 fxe5 24. Qxe5 {[%emt 0:23:27] Chess con chili.} ({Less strong is} 24. Bxe5 Rxc3 25. Bxc3 Qa2+ 26. Kc1 Rf2 27. Rxd6+ Kxd6 28. Qd4+ (28. Bxb4+ Kc6 $14) 28... Kc6 29. Qxf2 Qa1+ 30. Kd2 Qxh1 31. Bxb4 (31. Qe2 Qxh4 32. Qc4+ Kd7 $16) 31... Bxb4+ 32. c3 Qxe4 $16) 24... Qxe5 (24... dxe5 {keeps fighting.} 25. Bb6+ Ke6 26. Bxa5 Nc6) 25. Bxe5 Ke6 26. Bd4 Rg8 27. Nd5 Nc6 (27... Nxd5 {was worth a try.} 28. exd5+ Kxd5) 28. Bc3 Rcf8 29. g7 Rf2 30. Rdf1 Bxh4 (30... Rxf1+ $142 31. Rxf1 Ne5 32. Nf4+ Kf7 33. Nxh5+ Kg6) 31. Rxf2 {[%emt 0:12:28] White is clearly winning.} Bxf2 32. Nf4+ Ke7 33. Nxh5 Bd4 34. Bxd4 Nxd4 {[%emt 0:00:02][%mdl 4096] Endgame KRN-KRN} 35. Rf1 Ne6 36. Kc1 Ng5 37. Rf4 Ne6 38. Rf5 Nc5 39. e5 d5 40. Rf6 Ne6 41. Kd2 Rb8 {[%emt 0:01:22] [#]} (41... a5 $142 42. Ke3 a4) 42. Rxe6+ $1 {[%emt 0:01:12] Black got outplayed after the opening.  Weighted Error Value: White=0.26 (precise) /Black=0.53} 1-0

[Event "2nd Bassano Easter 2022"]
[Site "Bassano del Grappa"]
[Date "2022.04.18"]
[Round "9.8"]
[White "Postny, Evgeny"]
[Black "Nandhidhaa, P V"]
[Result "1-0"]
[ECO "E11"]
[WhiteElo "2567"]
[BlackElo "2380"]
[Annotator "TA"]
[PlyCount "97"]
[EventDate "2022.04.14"]
[EventType "swiss"]
[EventCountry "ITA"]
[SourceTitle "playchess.com"]
[Source "ChessBase"]
[SourceQuality "1"]
[TimeControl "30/3600+30:1800+30"]

1. d4 Nf6 2. c4 e6 3. Nf3 d5 4. g3 Bb4+ 5. Bd2 Be7 6. Bg2 O-O 7. O-O Nbd7 8. Qc2 {[%emt 0:00:15] E11: Bogo-Indian.} Ne4 9. Bc1 c6 10. Nc3 $5 {[%emt 0:00:49][%cal Bb1c3,Bc3e2,Be2f4][%mdl 4] The position is equal. A promising side line.} f5 11. b3 b6 {[%emt 0:03:29] [#]} 12. e3 $146 ({Predecessor:} 12. Nxe4 fxe4 13. Ne1 Bb7 14. f3 Bf6 15. Bb2 exf3 16. Bxf3 Rc8 17. e4 e5 18. Rd1 exd4 19. Bxd4 Bxd4+ 20. Rxd4 {0-1 (44) Chitlange,S (2167)-Sardana,R (2461) Chess.com INT 2020}) 12... Bb7 13. Bb2 g5 14. Ne2 Rc8 15. Ne5 g4 (15... Qe8 $11) 16. Bxe4 $16 Nxe5 (16... dxe4 17. Nf4 Rf6 18. a4 $11) 17. dxe5 fxe4 18. Nf4 Qd7 19. Rad1 ({White should try} 19. Qe2 $16) 19... Rf5 {[%emt 0:07:25] [#]} ({Black should play} 19... Bg5 $14) 20. Qxe4 $1 Rcf8 21. Qc2 {[%emt 0:03:02] &Bianco is more active.} Bd8 (21... Bg5 $16 22. cxd5 cxd5) 22. Qe2 $18 h5 23. e4 Rxf4 24. gxf4 Rxf4 25. Qe3 $1 Bg5 26. exd5 (26. Bc1 $142) 26... cxd5 $16 27. Rd4 $1 Rf5 28. Qd3 Qf7 $1 29. Qe2 (29. cxd5 $14 Bxd5 30. Qc2) 29... Rf3 $2 {[%emt 0:05:53] [#]} (29... dxc4 $11 30. Qxc4 (30. Rxc4 Ba6 $15) 30... Bh4) 30. cxd5 $1 Bf4 $2 {[%emt 0:00:00][%mdl 8192] [#] Black cannot hold the game after this.} (30... Qf5 $16 {is more resistant.}) 31. Bc1 $1 $18 {[%emt 0:04:52] Bxf4 is the strong threat.} Bxd5 {[%emt 0:04:49][%cal Of4h2] ( -> ...Bxh2+!)} 32. Bxf4 Rxf4 33. Rxf4 Qxf4 {[%emt 0:00:05][%mdl 4096] Endgame KQR-KQB} 34. Qe3 Qf5 35. Rc1 Kg7 36. Kf1 Kg6 37. Ke1 Be4 38. Qd4 ({Don't take} 38. Rc7 $6 Qxe5 39. Qc3 (39. Rxa7 Qa1+ 40. Ke2 Qb2+ 41. Qd2 Qf6 $11) 39... Qxc3+ 40. Rxc3 Kg5 $18) 38... h4 (38... a6 $142 39. Qxb6 Qxe5) 39. Rc8 Bf3 40. Kd2 Qg5+ (40... Be4 $142 41. Kc1 h3) 41. Qe3 Qe7 42. Qd3+ Kg5 43. Rg8+ Kf4 44. Qd6 Qb7 45. Qxe6 (45. Rf8+ $142 Ke4 46. Qb4+ Kxe5 47. Qf4+ Kd5 48. Rd8+ Qd7 49. Rxd7+ Kc6 50. Qc7+ Kb5 51. Qc4+ Ka5 52. Rxa7#) 45... Ke4 46. Qc4+ {[%emt 0:02:51] White mates.} Kxe5 47. Rg5+ Kd6 48. Qf4+ Kc6 49. Qf6+ {[%emt 0:06:12] Weighted Error Value: White=0.26 (precise) /Black=0.67} 1-0

[Event "2nd Bassano Easter 2022"]
[Site "Bassano del Grappa"]
[Date "2022.04.18"]
[Round "9.9"]
[White "Abel, Dennes"]
[Black "Olde, Margareth"]
[Result "0-1"]
[ECO "E32"]
[WhiteElo "2442"]
[BlackElo "2258"]
[Annotator "TA"]
[PlyCount "118"]
[EventDate "2022.04.14"]
[EventType "swiss"]
[EventCountry "ITA"]
[SourceTitle "playchess.com"]
[Source "ChessBase"]
[SourceQuality "1"]
[TimeControl "30/3600+30:1800+30"]

1. d4 Nf6 2. c4 e6 3. Nc3 Bb4 4. Qc2 O-O 5. e4 d5 6. e5 Ne4 7. Bd3 c5 8. Nf3 {[%emt 0:00:57] E32: Nimzo-Indian: Classical (4 Qc2): 4...0-0.} cxd4 9. Nxd4 Nd7 10. Bf4 {[%emt 0:00:10] The position is equal.} Qh4 11. g3 Qh5 12. h4 Nxe5 13. Be2 {[%emt 0:00:49][%mdl 64] Deflection} Qg6 {[%emt 0:00:04] ...Nxc3 is the strong threat.} (13... Bxc3+ 14. bxc3 Ng4 15. Bxg4 (15. f3 e5 $17) 15... Qxg4 16. f3 $16) 14. Bxe5 f6 15. h5 Qf7 16. Bf4 e5 $132 {[%emt 0:00:04][%mdl 2048] [#] Black is not keeping still} 17. O-O-O $146 ({Predecessor:} 17. cxd5 Qxd5 18. O-O Bxc3 19. bxc3 exf4 20. gxf4 Ng5 21. fxg5 Qxg5+ 22. Kh2 Qh4+ 23. Kg1 Qg5+ 24. Kh2 Qh4+ 25. Kg1 Qg5+ 26. Kh2 {½-½ (26) Chigaev,M (2639)-Predke,A (2666) Ufa 2021}) 17... Bxc3 (17... exf4 18. Nxd5 Nxf2 19. Nxb4 $16) 18. bxc3 exd4 (18... Nxf2 19. Bf3 $1 Ne4 20. cxd5 $1 $16) (18... exf4 $15 19. Bf3 fxg3) 19. Rxd4 $14 Qe7 (19... Nxf2 $14 20. Rf1 Ng4) 20. Kb2 $18 (20. cxd5 Qa3+ 21. Qb2 Qxc3+ 22. Qxc3 Nxc3 $16) 20... Nxf2 21. Re1 Ne4 22. cxd5 Nd6 23. g4 b5 (23... Re8 $16 {was worth a try.}) 24. Bg3 {[%emt 0:03:21] And now Bd3 would win. This bishop pair is nice.} (24. Bxd6 Qxd6 25. h6 g6 $16) 24... Qd8 (24... Qd7 {was called for.} 25. Bd3 (25. Bxd6 Qxd6 26. Bd3 h6 $14) 25... h6) 25. h6 g6 26. Bd3 {[%emt 0:00:45][%cal Od3g6] Strongly threatening Bxg6!} ({Less strong is} 26. Bxd6 Qxd6 27. Bd3 f5 $16) 26... f5 $2 (26... Rb8 27. Bxg6 Rb7) 27. Qh2 Nc4+ 28. Ka1 (28. Bxc4 bxc4 29. Bd6 Rf7 $16) 28... Re8 29. Rxe8+ Qxe8 30. Bxc4 (30. d6 $142) 30... bxc4 31. Qd2 {[%emt 0:06:18] Inhibits Qe3.} (31. Rxc4 Qe3 32. Bf4 Qe1+ 33. Kb2 fxg4 $16) 31... fxg4 $2 (31... Bd7 32. Rxc4 fxg4) 32. Rxc4 $2 (32. d6 {White threatens d7 and mate.} Bd7 33. Rf4) 32... Qf7 33. Re4 (33. Rc7 $18 Bd7 34. Rb7) 33... Bf5 $14 34. Re5 Re8 $1 35. Qe3 Rxe5 36. Qxe5 Bd3 (36... Qf8 $14) 37. Bf2 $18 a6 $2 (37... Bb5 38. a4 (38. Bd4 Qf1+ 39. Kb2 Qe2+ 40. Qxe2 Bxe2 $16) 38... g3 39. Bxg3 Bc4) 38. Bd4 Qf1+ 39. Kb2 Qe2+ 40. Qxe2 Bxe2 {[%emt 0:00:04][%mdl 4096] Endgame KB-KB} 41. Kb3 {[%emt 0:01:08] Prevents Bc4+. Hoping for Be5.} Kf7 $2 (41... g3 42. c4 Kf8) 42. Be5 g5 43. c4 Kg6 44. c5 Kf5 45. c6 $2 Bf3 $17 (45... Kxe5 $2 46. c7 Bd3 47. c8=Q $18) 46. c7 Bxd5+ 47. Kc3 {[%emt 0:00:02] [#]} Bb7 48. Kd4 {[%emt 0:00:12] [#]} Kg6 $1 49. Kc5 $2 (49. Bg7 $17) 49... Kxh6 $19 {[%emt 0:01:19] aiming for ...Kh5.} 50. a4 Kg6 {[%emt 0:00:16] Black mates.} 51. Kb6 Bc8 52. Ka7 h5 53. a5 h4 54. Kb8 Be6 55. c8=Q Bxc8 56. Kxc8 g3 57. Kb7 g2 58. Bd4 h3 59. Bg1 g4 {[%emt 0:00:09] Quite a comeback for Black.  Weighted Error Value: White=0.51/Black=0.43} 0-1

[Event "2nd Bassano Easter 2022"]
[Site "Bassano del Grappa"]
[Date "2022.04.18"]
[Round "9.10"]
[White "Petkidis, Anthony"]
[Black "Hess, Max"]
[Result "1/2-1/2"]
[ECO "B53"]
[WhiteElo "2420"]
[BlackElo "2395"]
[Annotator "TA"]
[PlyCount "84"]
[EventDate "2022.04.14"]
[EventType "swiss"]
[EventCountry "ITA"]
[SourceTitle "playchess.com"]
[Source "ChessBase"]
[SourceQuality "1"]
[TimeControl "30/3600+30:1800+30"]

1. e4 c5 2. Nf3 d6 3. d4 cxd4 4. Qxd4 Nc6 5. Qe3 g6 6. Be2 {[%emt 0:00:26] B53: Sicilian: 2...d6: Lines with Qxd4.} Bg7 7. O-O Nf6 8. h3 O-O 9. Rd1 Be6 10. Nc3 Rc8 11. a3 a6 12. Qf4 Qa5 13. Qh4 {[%emt 0:07:55] [#]} Ne5 $146 ({Predecessor:} 13... b5 14. Bh6 Ne5 15. Ng5 Rxc3 16. bxc3 Qxc3 17. Bd3 Nxd3 18. cxd3 Bb3 19. Rac1 Qb2 {½-½ (49) Quesada Perez,Y (2582)-Saric,I (2667) chess24.com INT 2020}) 14. Ng5 Rxc3 15. Bd2 {[%emt 0:04:31][%mdl 64] [#] Pin} (15. bxc3 Bd7 16. Qf4 Ba4) 15... Rxh3 16. Nxh3 (16. Bxa5 $2 {loses.} Rxh4 17. Nxe6 fxe6 $19) 16... Qb6 (16... Qa4 $5 ) 17. Bc3 Bxh3 (17... h6 $5 18. Bd4 Qc6 $11) 18. gxh3 g5 {[%emt 0:02:17][%mdl 64] Decoy} 19. Qxg5 Nxe4 20. Bd4 {[%emt 0:00:38] Hoping for Qxg7+. Dancing on a razor blade. A strong pair of Bishops.} Nxg5 21. Bxb6 Nxh3+ 22. Kf1 Nf4 23. Bd4 {[%emt 0:07:01][%mdl 1024] White has compensation.} Rc8 24. c3 h5 25. Be3 Neg6 26. Bf3 Rc7 27. a4 h4 28. a5 (28. Ra3 $5 ) 28... Be5 29. Ra4 h3 30. Kg1 $1 e6 31. Kh1 f5 {[%emt 0:00:28] [#]} ({Black should try} 31... Kg7 $14) 32. Rb4 $1 $16 d5 {[%emt 0:00:51] [#]} 33. c4 $1 dxc4 (33... Rd7 $16 {was called for.}) 34. Rd8+ $18 (34. Rxb7 Nf8 35. Rxc7 Bxc7 36. Bxf4 Bxf4 $18) 34... Kf7 35. Rxb7 Rxb7 (35... Kf6 $16 36. Rxc7 Bxc7) 36. Bxb7 Bxb2 $2 (36... Nd5 37. Rc8 Ngf4) 37. Rc8 Nd5 38. Rxc4 Nxe3 (38... Ne5 $142 39. Rc2 f4) 39. fxe3 Ne5 40. Rc7+ Kf6 41. Bxa6 {[%emt 0:00:18] Strongly threatening Be2.} Ng4 42. Rh7 $2 (42. Bb7 $18) 42... Ke5 $2 {[%emt 0:53:51][%mdl 40960] Weighted Error Value: White=0.18 (very precise) /Black=0.21 (precise) . An unexpected result.} (42... Bc3 $11 {and Black has nothing to worry.}) 1/2-1/2